 Dungeon Crawl Stone Soup version 0.31-a0-963-ga325b2283a (webtiles) character file.

Game seed: 1484651459320270401

42 Zalbag the Magician (level 3, 0/24 HPs)
             Began as a Human Hedge Wizard on Apr 3, 2021.
             Slain by Jessica
             ... wielding a +0 club
              (5 damage)
             ... on level 2 of the Dungeon on Oct 25, 2023.
             The game lasted 00:06:20 (1943 turns).

Zalbag the Magician (Human Hedge Wizard)            Turns: 1943, Time: 00:06:21

Health: 0/24       AC:  3    Str: 10    XL:     3   Next: 77%
Magic:  5/7        EV: 12    Int: 16    God:
Gold:   82         SH:  0    Dex: 12    Spells: 2/8 levels left

rFire   . . .        a - +0 dagger
rCold   . . .        (no shield)
rNeg    . . .        b - +0 robe
rPois   .            c - +0 hat
rElec   .            i - +0 cloak
rCorr   .            (no gloves)
SInv    .            (no boots)
Will    +....        (no amulet)
Stlth   ++           (no ring)
HPRegen 0.24/turn    (no ring)
MPRegen 0.10/turn

%: no passive effects
@: enlightened, flying
A: no striking features
a: no special abilities


You were on level 2 of the Dungeon.
You visited 1 branch of the dungeon, and saw 2 of its levels.

You collected 82 gold pieces.

Inventory:

Hand Weapons
 a - a +0 dagger (weapon)
 g - a +0 short sword
Missiles
 f - 12 poisoned darts
Armour
 b - a +0 robe (worn)
 c - a +0 hat (worn)
 i - a +0 cloak (worn)
Scrolls
 d - 2 scrolls of identify {unknown}
 e - 2 scrolls of enchant weapon {unknown}
 h - a scroll of revelation {unknown}
 k - a scroll of teleportation {unknown}


   Skills:
 - Level 1.0 Short Blades
 - Level 2.0 Dodging
 + Level 2.5 Stealth
 - Level 3.2 Spellcasting
 + Level 1.6 Conjurations
 + Level 1.5 Summonings
 - Level 1.0 Translocations
 + Level 0.2 Air Magic


You had 2 spell levels left.
You knew the following spells:

 Your Spells              Type           Power      Damage    Failure   Level
a - Magic Dart            Conj           32%        1d4       9%          1
b - Call Imp              Summ           14%        N/A       14%         2
c - Mephitic Cloud        Conj/Pois/Air  4%         N/A       38%         3

Your spell library contained the following spells:

 Spells                   Type           Power      Damage    Failure   Level
 Slow                     Hex            8%         N/A       19%         1
 Blink                    Tloc           10%        N/A       19%         2


Dungeon Overview and Level Annotations

Branches:
Dungeon (2/15)

Altars:

Annotations:
D:2 Jessica


Message History

The kobold hits you with a +0 short sword.
You closely miss the kobold.
The kobold is moderately wounded.
Jessica gestures wildly while chanting.
Jessica blinks!
The kobold misses you.
Your magical contamination has completely faded away.
You hit the kobold.
You kill the kobold!
Casting: Magic Dart (safe; 9% risk of failure)
Confirm with . or Enter, or press ? or * to list all spells.
You can't see any susceptible monsters within range! (Use Z to cast anyway.)
Casting: Magic Dart (safe; 9% risk of failure)
Confirm with . or Enter, or press ? or * to list all spells.
Okay, then.
Casting: Mephitic Cloud (extremely dangerous; 38% risk of failure)
Confirm with . or Enter, or press ? or * to list all spells.
Okay, then.
Jessica casts a spell.
Jessica blinks!
You see here a bat corpse.
Casting: Mephitic Cloud (extremely dangerous; 38% risk of failure)
Confirm with . or Enter, or press ? or * to list all spells.
A tiny devil pulls itself out of the air.
Jessica gestures wildly.
You hit Jessica but do no damage. Jessica hits you with a +0 club.
Your cerulean imp hits Jessica with a -4 spear.
Unknown command.
You barely miss Jessica.
Jessica is lightly wounded.
Jessica barely misses you. Jessica gestures at you while chanting.
Pain shoots through your body!
Ouch! That really hurt!
* * * LOW HITPOINT WARNING * * *
Your cerulean imp barely misses Jessica.
Your cerulean imp closely misses Jessica.
It was a potion of enlightenment.
You feel very buoyant.
You fly up into the air.
Jessica hits you with a +0 club.
You die...

##### #...# #...# #...#
. #...# ####### ..
##..5#########..^..###..
#....†@@...>............
#....#######.........#..
#....# #.........#..
#....# #............
#### #....#
#..........## #...
#)#### #..........#
#...##.# #..........##
#...#§.#####
#............
#.[..........
#.........###


You could see Jessica (fast, ally target) and a friendly cerulean imp
(summoned).

Vanquished Creatures
  A dart slug (D:1)
  2 endoplasms (D:2)
  2 giant cockroaches
  5 hobgoblins
  2 jackals (D:1)
  6 kobolds
  4 quokkas
  2 ball pythons (D:1)
  5 bats
  A frilled lizard (D:1)
  3 goblins (D:1)
  2 rats (D:1)
35 creatures vanquished.

Notes
Turn   | Place    | Note
-------+----------+-------------------------------------------
     0 | D:1      | Zalbag the Human Hedge Wizard began the quest for the Orb.
     0 | D:1      | Reached XP level 1. HP: 13/13 MP: 4/4
   418 | D:1      | Reached XP level 2. HP: 19/19 MP: 6/6
   425 | D:1      | Upgraded the game from 0.27-a0-869-g165b36e3f0 to
                  | 0.31-a0-963-ga325b2283a
   755 | D:1      | Reached XP level 3. HP: 2/24 MP: 0/7
   906 | D:1      | Found a faded altar of an unknown god.
  1065 | D:1      | Learned a level 2 spell: Call Imp
  1069 | D:1      | Learned a level 3 spell: Mephitic Cloud
  1607 | D:2      | Reached skill level 1 in Short Blades
  1921 | D:2      | Noticed Jessica
  1943 | D:2      | Slain by Jessica

Illustrated notes

Levels and vault maps discovered:
D:1:      dpeg_arrival_stone_temple_mockup, layout_basic,
          ebering_ecumenical_altar_abandoned, minmay_octomino_j4
D:2:      layout_rooms, uniq_jessica

Skill      XL: |  1  2  3 |
---------------+----------+-----
Short Blades   | 1 |  1.0
Dodging        | |  2.0
Stealth        | |  2.5
Spellcasting   | |  3.2
Conjurations   | |  1.6
Summonings     | |  1.5
Translocations | |  1.0
Air Magic      | |  0.2

Action                     || total
---------------------------++-------
  Melee: Dagger            ||    71
   Cast: Magic Dart        ||    59
         Call Imp          ||     1
    Use: Potion            ||     1
   Stab: Sleeping          ||     7
 Armour: Robe              ||    61
  Dodge: Dodged            ||    60

Table legend: (Time is in decaauts)
 A = Elapsed time spent in this place.
 B = Non-inter-level travel time spent in this place.
 C = Inter-level travel time spent in this place.
 D = Time resting spent in this place.
 E = Time spent auto-exploring this place.
 F = Levels seen in this place.
 G = Mean time per level.
                   A        B        C        D        E       F      G
               +--------+--------+--------+--------+--------+-----+--------+
         Total |   1941 |   1902 |     39 |    605 |    977 |   2 |  970.5 |
       Dungeon |   1941 |   1902 |     39 |    605 |    977 |   2 |  970.5 |
               +--------+--------+--------+--------+--------+-----+--------+

Top non-repeatable levels by time:
     D:1: 1491 daAuts
     D:2: 449 daAuts
